 Dungeon Crawl Stone Soup version 0.31-a0-221-gbddc013574 (webtiles) character file.

Game seed: 2790328549195894372

647 qw the Chopper (level 7, -1/43 HPs)
             Began as a Gargoyle Fighter on July 4, 2023.
             Slain by Pikel
             ... wielding a +2 whip of flaming
              (4 damage)
             ... on level 5 of the Dungeon.
             The game lasted 00:01:55 (3126 turns).

qw the Chopper (Gargoyle Fighter)                   Turns: 3126, Time: 00:01:56

Health: -1/43      AC: 15    Str: 22    XL:     7   Next: 52%
Magic:  7/7        EV:  9    Int:  8    God:
Gold:   80         SH:  0    Dex:  9    Spells: 6/6 levels left

rFire   . . .        Y - +1 war axe
rCold   . . .        c - +0 buckler
rNeg    + . .        b - +0 scale mail
rPois   inf          (no helmet)
rElec   +            (no cloak)
rCorr   .            e - +0 pair of gloves
SInv    .            a - +2 pair of boots
Will    .....        (no amulet) Stlth
                     (no ring)
HPRegen 0.27/turn    (no ring)
MPRegen 0.10/turn

%: no passive effects
@: confused
A: sickness immunity, AC +4, negative energy resistance 1, electricity
resistance, torment resistance 1, petrification resistance
a: no special abilities


You were on level 5 of the Dungeon.
You visited 1 branch of the dungeon, and saw 5 of its levels.

You collected 173 gold pieces.
You spent 93 gold pieces at shops.


Innate Abilities, Weirdness & Mutations

You are immune to sickness and miasma.
Your stone body is resilient. (AC +4)
You are immune to poison.
You resist negative energy. (rN+)
You are resistant to electric shocks. (rElec)
You are resistant to unholy torment.
You are immune to petrification.


   Skills:
 - Level 4.3 Fighting
 + Level 6.7 Axes
 - Level 1.0 Throwing
 - Level 3.2 Armour
 - Level 1.2 Dodging
 - Level 3.2 Shields


You had 6 spell levels left.
You didn't know any spells.
Your spell library was empty.

Inventory:

Hand Weapons
 i - a +0 whip
 Y - a +1 war axe (weapon)
Missiles
 m - 3 javelins (quivered)
Armour
 a - a +2 pair of boots (worn)
 b - a +0 scale mail (worn)
 c - a +0 buckler (worn)
 e - a +0 pair of gloves (worn)
Scrolls
 h - 3 scrolls of teleportation
 l - a scroll of identify
Potions
 d - 5 potions of might
 f - a potion of mutation
 j - a potion of curing {unknown}
 k - a potion of brilliance {unknown}

Dungeon Overview and Level Annotations

Branches:
Dungeon (5/15)
 Temple: D:4-7

Altars:
Cheibriados
Elyvilon
Fedhas
Trog
Wu Jian
Xom
The Shining One

Shops:
D:3 *[[

Annotations:
D:5 Pikel


Message History

Pikel burns you.
You slash Pikel!
Pikel is heavily wounded.
Pikel zaps a wand.
Your will is overpowered!
You are confused.
Pikel hits you with a +2 whip of flaming!
Pikel burns you.
The lemure shouts!
Pikel closely misses you. Pikel hits you but does no damage.
Pikel hits you but does no damage.
Pikel hits you with a +2 whip of flaming.
Pikel burns you. Pikel hits you but does no damage.
Pikel hits you with a +2 whip of flaming.
Pikel burns you.
You feel less confused.
Pikel zaps a wand.
Your will is overpowered!
You are confused.
Pikel zaps a wand.
Your will is overpowered!
You are more confused.
Pikel closely misses you. Pikel waves his whip at you.
Pikel zaps a wand.
Your will is overpowered!
You are more confused.
Pikel hits you but does no damage. Pikel hits you but does no damage.
Pikel zaps a wand.
Your will is overpowered!
You are more confused.
Pikel zaps a wand.
You resist with some effort. Pikel hits you but does no damage.
Pikel hits you but does no damage.
Pikel hits you with a +2 whip of flaming.
Pikel burns you. Pikel hits you but does no damage.
Pikel says, "You'll make a fine lemure."
Pikel hits you with a +2 whip of flaming!
Pikel burns you.
Pikel hits you with a +2 whip of flaming.
You die...

.###.# #.##.......####.###
.....###.##...........## #
.......................###
########.####...#.####..#.
########.# #.).#.# #.#.#
.........## #####.# #.#.#
##........# #.# #.#.#
#..#####.# #.# #.#.. #.
#@# #.# #.#.# #K# .# #..##
#5# #.. #555# . .......
..K#...### .5.####.## 5.
.(# 5 .)#


You could see Pikel and 4 lemures.

Vanquished Creatures
  A sky beast (D:4)
  4 scorpions
  A hound (D:4)
  An orc priest (D:4)
  A sleepcap (D:3)
  Jessica (D:3)
  An iguana (D:4)
  4 adders
  A white imp (D:5)
  An ufetubus (D:5)
  4 worms
  4 dart slugs
  9 orcs
  10 endoplasms
  6 giant cockroaches
  7 goblins
  7 hobgoblins
  9 jackals
  3 quokkas
  11 ball pythons
  5 bats
  6 frilled lizards
  4 kobolds
  2 rats
103 creatures vanquished.

Notes
Turn   | Place    | Note
-------+----------+-------------------------------------------
     0 | D:1      | qw the Gargoyle Fighter began the quest for the Orb.
     0 | D:1      | Reached XP level 1. HP: 14/14 MP: 1/1
     0 | D:1      | 0 ||| qw: Version: 0.3-a-41-g9d075ac
     0 | D:1      | 0 ||| qw: Game counter: 793
     0 | D:1      | 0 ||| qw: Melee chars always use a shield: true
     0 | D:1      | 0 ||| qw: God list: Okawaru
     0 | D:1      | 0 ||| qw: Allow faded altars: false
     0 | D:1      | 0 ||| qw: Do Orc after clearing Dungeon:15 true
     0 | D:1      | 0 ||| qw: Do second Lair branch before Depths: true
     0 | D:1      | 0 ||| qw: Lair rune preference: random
     0 | D:1      | 0 ||| qw: Goals: Normal, Zot:1-4, Slime:5, God:TSO, Crypt,
                  | Tomb, Abyss, Pan, Hells, Win
     0 | D:1      | 0 ||| PLANNING D:1-11
    30 | D:1      | 30 ||| Stepping ~*~*~tactically~*~*~ (stealth).
    34 | D:1      | Reached skill level 2 in Axes
   122 | D:1      | Reached XP level 2. HP: 19/19 MP: 2/2
   213 | D:1      | Found a faded altar of an unknown god.
   236 | D:1      | 236 ||| FLEEEEING.
   246 | D:1      | Reached skill level 3 in Axes
   254 | D:1      | Reached XP level 3. HP: 12/23 MP: 3/3
   390 | D:1      | 390 ||| Stepping ~*~*~tactically~*~*~ (stealth).
   438 | D:1      | 438 ||| Stepping ~*~*~tactically~*~*~ (stealth).
   439 | D:1      | 439 ||| Stepping ~*~*~tactically~*~*~ (stealth).
   670 | D:1      | 670 ||| READING scroll labelled KUOSAS DEOHA.
   675 | D:1      | 675 ||| READING scroll labelled IFUFEO LIAGIRPH.
   676 | D:1      | 676 ||| READING scroll labelled GANELLICUSCH.
   797 | D:2      | 797 ||| Stepping ~*~*~tactically~*~*~ (hiding).
   807 | D:2      | Reached XP level 4. HP: 28/28 MP: 4/4
   894 | D:2      | Reached skill level 4 in Axes
   909 | D:2      | 909 ||| DROPPING +0 club.
   969 | D:2      | Found a bloodstained altar of Trog.
   976 | D:2      | Noticed a scorpion
   992 | D:2      | Killed a scorpion
   993 | D:2      | Reached XP level 5. HP: 19/32 MP: 5/5
  1505 | D:2      | 1505 ||| UPGRADING to +0 pair of boots.
  1510 | D:2      | 1510 ||| READING scroll labelled QINEAX DEED.
  1511 | D:2      | 1511 ||| READING scroll labelled YZOUDIS NAQ.
  1559 | D:3      | Reached skill level 5 in Axes
  1625 | D:3      | Identified the +5 spear of Distant Worlds {speed, rC+++
                  | Str+3 Stlth-}
  1690 | D:3      | Found a shimmering altar of Xom.
  1711 | D:3      | Found a glowing golden altar of the Shining One.
  1800 | D:3      | Noticed Jessica
  1801 | D:3      | 1801 ||| Stepping ~*~*~tactically~*~*~ (hiding).
  1811 | D:3      | Killed Jessica
  1849 | D:3      | Found Duodghus's Armour Emporium.
  1891 | D:3      | Reached XP level 6. HP: 32/38 MP: 6/6
  1918 | D:3      | 1918 ||| SHOPLISTING +3 plate armour of positive energy
                  | (546 gold, have 93).
  1968 | D:3      | Found Nappes's Armour Shop.
  1971 | D:3      | 1971 ||| SHOPLISTING +0 chain mail of cold resistance (126
                  | gold, have 93).
  1971 | D:3      | 1971 ||| BUYING +0 pair of gloves (49 gold).
  1971 | D:3      | Bought a +0 pair of gloves for 49 gold pieces
  2127 | D:3      | You fall into a shaft and drop 1 floor!
  2128 | D:4      | 2128 ||| UPGRADING to +2 pair of boots.
  2138 | D:4      | 2138 ||| UPGRADING to +0 pair of gloves.
  2143 | D:4      | 2143 ||| DROPPING +0 pair of boots.
  2144 | D:4      | 2144 ||| READING scroll labelled QEGRUSH XOMUYDOAHO.
  2176 | D:3      | Found Vyn Kesa's Assorted Antiques.
  2208 | D:3      | 2208 ||| SHOPLISTING mace (66 gold, have 55).
  2208 | D:3      | 2208 ||| BUYING scroll labelled INANTUPPEP (22 gold).
  2208 | D:3      | Bought a scroll labelled INANTUPPEP for 22 gold pieces
  2208 | D:3      | 2208 ||| BUYING scroll labelled LAB EMIHAHONK (22 gold).
  2208 | D:3      | Bought a scroll labelled LAB EMIHAHONK for 22 gold pieces
  2269 | D:3      | Found a blossoming altar of Fedhas.
  2269 | D:3      | Found a snail-covered altar of Cheibriados.
  2270 | D:3      | 2270 ||| READING scroll labelled INANTUPPEP.
  2271 | D:3      | 2271 ||| READING scroll labelled LAB EMIHAHONK.
  2406 | D:4      | Reached skill level 1 in Throwing
  2440 | D:4      | Noticed a sky beast
  2441 | D:4      | 2441 ||| Stepping ~*~*~tactically~*~*~ (stealth).
  2450 | D:4      | Reached skill level 1 in Dodging
  2464 | D:4      | Killed a sky beast
  2523 | D:4      | Reached XP level 7. HP: 43/43 MP: 7/7
  2546 | D:4      | 2546 ||| Stepping ~*~*~tactically~*~*~ (stealth).
  2547 | D:4      | 2547 ||| Stepping ~*~*~tactically~*~*~ (stealth).
  2566 | D:4      | 2566 ||| Stepping ~*~*~tactically~*~*~ (stealth).
  2567 | D:4      | 2567 ||| Stepping ~*~*~tactically~*~*~ (stealth).
  2573 | D:4      | Reached skill level 6 in Axes
  2617 | D:4      | 2617 ||| Stepping ~*~*~tactically~*~*~ (stealth).
  2618 | D:4      | 2618 ||| Stepping ~*~*~tactically~*~*~ (stealth).
  2695 | D:4      | 2695 ||| Stepping ~*~*~tactically~*~*~ (stealth).
  2696 | D:4      | 2696 ||| Stepping ~*~*~tactically~*~*~ (stealth).
  2716 | D:4      | 2716 ||| Stepping ~*~*~tactically~*~*~ (hiding).
  2824 | D:4      | 2824 ||| READING scroll labelled BIYDIG ARA.
  2832 | D:4      | 2832 ||| STAIRDANCE
  2833 | D:3      | Found a white marble altar of Elyvilon.
  2933 | D:4      | 2933 ||| READING 2 scrolls of identify.
  2933 | D:4      | 2933 ||| IDENTIFYING sedimented inky potion
  2945 | D:5      | Entered Level 5 of the Dungeon
  2955 | D:5      | 2955 ||| Stepping ~*~*~tactically~*~*~ (hiding).
  2956 | D:5      | 2956 ||| Stepping ~*~*~tactically~*~*~ (hiding).
  2957 | D:5      | 2957 ||| Stepping ~*~*~tactically~*~*~ (hiding).
  3049 | D:5      | Found an ornate altar of the Wu Jian Council.
  3092 | D:5      | Noticed Pikel
  3093 | D:5      | 3093 ||| Stepping ~*~*~tactically~*~*~ (hiding).
  3094 | D:5      | 3094 ||| Stepping ~*~*~tactically~*~*~ (hiding).
  3125 | D:5      | HP: 6/43 [Pikel/+2 whip of flaming (8)]
  3126 | D:5      | Slain by Pikel

Levels and vault maps discovered:
D:1:      wander_arrival_desolate, layout_rooms, ebering_ecumenical_altar_webs,
          minmay_fountain_box
D:2:      layout_loops_ring, basic_altar
D:3:      layout_rooms, mainiacjoe_overflow_boulevard,
          nicolae_overflow_hidden_temple, serial_shops, shop,
          nicolae_shop_real_fake_doors, nicolae_shop_window_shopping,
          minmay_crystal_room, chequers_garden, eino_curves_04, uniq_jessica
D:4:      layout_basic
D:5:      layout_loops_ring, mainiacjoe_overflow_six_doors_small,
          marbit_many_paths, grunt_tough_drop, uniq_pikel

Skill      XL: |  1  2  3  4  5  6  7 |
---------------+----------------------+-----
Axes           | 2 3 4 5 6 |  6.7
Fighting       | 4 |  4.3
Throwing       | 1 |  1.0
Dodging        | 1 |  1.2
Armour         | |  3.2
Shields        | |  3.2

Action                     |  1- 3 |  4- 6 |  7- 9 || total
---------------------------+-------+-------+-------++-------
  Melee: War axe           |   111 |   166 |    46 ||   323
  Throw: Javelin           |       |     4 |    19 ||    23
    Use: Scroll            |     3 |     5 |     2 ||    10
 Armour: Scale mail        |    47 |    75 |    35 ||   157
  Dodge: Dodged            |    59 |    65 |    36 ||   160
  Block: Buckler           |    11 |    28 |     8 ||    47

Table legend:
 A = Non-vault XP
 B = Vault XP
 C = Vault XP percentage of total XP
 D = Non-vault monster count
 E = Vault monster count
 F = Vault count percentage of total count
                 A         B        C        D         E       F
            +---------+---------+-------+---------+---------+-------
      Total |     888 |      37 |   4.0 |     102 |       1 |   1.0
            +---------+---------+-------+---------+---------+-------
        D:1 |      54 |       0 |   0.0 |      33 |       0 |   0.0
        D:2 |     158 |       0 |   0.0 |      24 |       0 |   0.0
        D:3 |      92 |      37 |  28.7 |      19 |       1 |   5.0
        D:4 |     553 |       0 |   0.0 |      23 |       0 |   0.0
        D:5 |      31 |       0 |   0.0 |       3 |       0 |   0.0
            +---------+---------+-------+---------+---------+-------
